 Dungeon Crawl Stone Soup version 0.26-a0-649-gf8c6c3aab7 (webtiles) character file.

Game seed: 16037122862168697116

163 djmy96 the Shield-Bearer (level 5, -4/42 HPs)
             Began as a Formicid Fighter on Sept 27, 2020.
             Killed by divine providence
             ... invoked by an orc priest
              (10 damage)
             ... on level 3 of the Dungeon.
             The game lasted 00:03:27 (2550 turns).

djmy96 the Shield-Bearer (Formicid Fighter)         Turns: 2550, Time: 00:03:27

Health: -4/42      AC:  7    Str: 22    XL:     5   Next: 72%
Magic:  5/5        EV:  8    Int:  7    God:
Gold:   171        SH: 10    Dex: 10    Spells: 4/4 levels left

rFire    . . .     SeeInvis +   a - +0 long sword
rCold    . . .     Faith    .   c - +0 kite shield
rNeg     . . .     Spirit   .   b - +0 scale mail
rPois    .         Reflect  .   (helmet unavailable)
rElec    .         Harm     .   (no cloak)
rCorr    .         Rampage  .   (no gloves)
MR       .....                  (no boots)
Stlth    ..........             (no amulet)
HPRegen  0.14/turn              (no ring)
MPRegen  0.09/turn              (no ring)

@: no status effects
A: permanent stasis, dig shafts and tunnels, four strong arms, antennae 3
a: Dig, Shaft Self


You were on level 3 of the Dungeon.
You visited 1 branch of the dungeon, and saw 3 of its levels.

You collected 171 gold pieces.

Inventory:

Hand Weapons
 a - a +0 long sword (weapon)
 q - a +2 dagger of venom
Armour
 b - a +0 scale mail (worn)
 c - a +0 kite shield (worn)
Scrolls
 e - 2 scrolls of teleportation {unknown}
 h - a scroll of blinking {unknown}
 k - 7 scrolls of identify {unknown}
 l - a scroll of noise {unknown}
 p - a scroll of amnesia {unknown}
Potions
 d - 2 potions of might
 f - 2 potions of haste {unknown}
 g - a potion of ambrosia {unknown}
 i - 2 potions of lignification {unknown}
 j - 2 potions of berserk rage {unknown}
 m - a potion of cancellation {unknown}
 n - a potion of curing {unknown}
 o - a potion of degeneration {unknown}
 r - a potion of stabbing {unknown}
 s - a potion of heal wounds {unknown}


   Skills:
 + Level 3.8 Fighting
 + Level 3.6 Long Blades
 + Level 4.2 Armour
 + Level 0.3 Dodging
 + Level 4.8 Shields


You had 4 spell levels left.
You didn't know any spells.
Your spell library was empty.

Dungeon Overview and Level Annotations

Branches:
Dungeon (3/15)

Altars:


Innate Abilities, Weirdness & Mutations

You cannot be hasted, slowed, berserked, paralysed or teleported.
You can dig through walls and to a lower floor.
Your four strong arms can wield two-handed weapons with a shield.
You have a pair of large antennae on your head. (SInv)


Message History

You hit the orc priest.
The orc priest is severely wounded.
You block the orc priest's attack.
You hit the orc priest.
The orc priest is almost dead.
The orc priest hits you with a +0 short sword.
* * * LOW HITPOINT WARNING * * *
You hit the orc priest but do no damage.
The orc priest is almost dead.
The orc priest looks braver for a moment.
You barely miss the orc priest.
The orc priest is almost dead.
You block the orc priest's attack.
The orc priest hits you with a +0 short sword.
* * * LOW HITPOINT WARNING * * *
You closely miss the orc priest.
The orc priest is almost dead.
The orc priest invokes the aid of Beogh against you.
Beogh smites you!
You die...

#######.#
{ #.# #.#
##.# #.#
#..# #.#
#.## #.#
#.# #K#
#.# #l#
#.# #o#
#.# #@#
#.# #.#
#.## #.#
#..## #.#
##..##
#.#
##..##
#.#
##..###.#
##..#..#
##...##


You could see an orc priest, a kobold and a frilled lizard.

Vanquished Creatures
  An orc wizard (D:3)
  An adder (D:2)
  A white imp (D:2)
  3 worms
  4 dart slugs
  3 leopard geckos
  5 orcs (D:3)
  5 giant cockroaches
  11 goblins
  10 hobgoblins
  2 quokkas (D:2)
  A ball python (D:2)
  10 bats
  11 frilled lizards
  14 kobolds
  10 rats
92 creatures vanquished.

Notes
Turn   | Place    | Note
-------+----------+-------------------------------------------
     0 | D:1      | djmy96 the Formicid Fighter began the quest for the Orb.
     0 | D:1      | Reached XP level 1. HP: 18/18 MP: 1/1
    74 | D:1      | Reached XP level 2. HP: 24/24 MP: 2/2
   215 | D:1      | Reached XP level 3. HP: 30/30 MP: 3/3
  1301 | D:2      | Reached XP level 4. HP: 23/37 MP: 4/4
  2083 | D:2      | Reached XP level 5. HP: 42/42 MP: 5/5
  2550 | D:3      | Killed from afar by an orc priest

Illustrated notes

Levels and vault maps discovered:
D:1:      minmay_arrival_stair_chambers, layout_basic, st_stairs_8
D:2:      layout_rooms, minmay_joined_circles
D:3:      layout_basic, minmay_cut_off

Skill      XL: |  1  2  3  4 |
---------------+-------------+-----
Shields        | 4 |  4.8
Long Blades    | 3 |  3.6
Armour         | 4 |  4.2
Fighting       | |  3.8
Dodging        | |  0.3

Action                   |  1- 3 |  4- 6 || total
-------------------------+-------+-------++-------
Melee: Long sword        |   124 |   165 ||   289
Armor: Scale mail        |    43 |    69 ||   112
Dodge: Dodged            |    35 |    52 ||    87
Block: Kite shield       |    76 |    80 ||   156
       Rpst.: Long sword |    13 |    12 ||    25

Table legend: (Time is in decaauts)
 A = Elapsed time spent in this place.
 B = Non-inter-level travel time spent in this place.
 C = Inter-level travel time spent in this place.
 D = Time resting spent in this place.
 E = Time spent auto-exploring this place.
 F = Levels seen in this place.
 G = Mean time per level.
                   A        B        C        D        E       F      G
               +--------+--------+--------+--------+--------+-----+--------+
         Total |   2638 |   2490 |    148 |      0 |   1835 |   3 |  879.3 |
       Dungeon |   2638 |   2490 |    148 |      0 |   1835 |   3 |  879.3 |
               +--------+--------+--------+--------+--------+-----+--------+

Top non-repeatable levels by time:
     D:1: 1194 daAuts
     D:2: 1047 daAuts
     D:3: 396 daAuts
